 Dungeon Crawl Stone Soup version 0.31-a0-963-ga325b2283a (webtiles) character file.

Game seed: 3754726055995585070

10776 Revguard the Fighter (level 11, -3/72 HPs)
             Began as a Gargoyle Fighter on Oct 24, 2023.
             Was a Priest of the Shining One.
             Slain by an ice devil (23 damage)
             ... on level 11 of the Dungeon.
             The game lasted 00:25:14 (8558 turns).

Revguard the Fighter (Gargoyle Fighter)             Turns: 8558, Time: 00:25:15

Health: -3/72      AC: 17    Str: 21    XL:     11   Next: 67%
Magic:  15/15      EV: 11    Int:  8    God:    the Shining One [***...]
Gold:   710        SH: 12    Dex: 13    Spells: 10/10 levels left

rFire   . . .        b - +0 flail (holy)
rCold   . . .        B - +1 kite shield
rNeg    + + .        C - +1 scale mail
rPois   ∞            (no helmet)
rElec   +            (no cloak)
rCorr   .            (no gloves)
SInv    .            (no boots)
Will    +....        o - amulet of regeneration Stlth
                     q - ring of willpower
HPRegen 1.12/turn    (no ring)
MPRegen 0.14/turn

%: no passive effects
@: glowing, studying Poison Magic
A: sickness immunity, AC +8, negative energy resistance 1, electricity
resistance, torment resistance 1, petrification resistance
a: Renounce Religion, Divine Shield, Cleansing Flame


You were on level 11 of the Dungeon.
You worshipped the Shining One.
The Shining One was most pleased with you.
You visited 2 branches of the dungeon, and saw 12 of its levels.

You collected 710 gold pieces.

Inventory:

Hand Weapons
 b - a +0 flail of holy wrath (weapon)
 t - a +2 whip of venom
 w - a +2 hand axe of flaming
 y - the +9 staff of Olgreb {rPois∞}
   (You found it on level 6 of the Dungeon)

   Radiate:   It can be activated via the 'a'bility menu to radiate toxic
   energy, with effectiveness depending on Evocations skill.
   Pois:      It enhances your poison magic.
   rPois∞: It grants immunity to poison.
Missiles
 a - 2 throwing nets
Armour
 B - a +1 kite shield (worn)
 C - a +1 scale mail (worn)
Jewellery
 e - the amulet "Ycibloag" {Acrobat +Blink Int+6 Dex-3 SInv}
   (You found it on level 2 of the Dungeon)

   [amulet of the acrobat]

   Acrobat:   It increases your evasion while moving and waiting.
   Int+6:     It affects your intelligence (+6).
   Dex-3:     It affects your dexterity (-3).
   SInv:      It lets you see invisible.
   +Blink:    It lets you blink.
 i - an amulet of reflection
 j - a +6 ring of intelligence
 o - an amulet of regeneration (around neck)
 q - a ring of willpower (left hand)
 D - a ring of ice
Wands
 p - a wand of mindburst (14)
 v - a wand of flame (45)
 A - a wand of acid (8)
 E - a wand of paralysis (3)
 H - a wand of polymorph (5)
Scrolls
 d - a scroll of immolation
 f - 2 scrolls of fog
 m - 2 scrolls of amnesia
 r - 2 scrolls of blinking
 s - 3 scrolls of noise
 x - a scroll of poison
 z - 2 scrolls of teleportation
 F - a scroll of enchant weapon
 G - 4 scrolls of identify
Potions
 c - 2 potions of berserk rage
 g - 4 potions of lignification
 h - 2 potions of attraction
 k - 6 potions of curing
 l - 4 potions of brilliance
 n - 3 potions of cancellation
 u - a potion of might
 I - a potion of haste


   Skills:
 * Level 10.1 Fighting
 + Level 6.5 Maces & Flails
 + Level 7.3 Armour
 + Level 4.9 Dodging
 * Level 10.0 Shields
 + Level 6.4 Invocations
 + Level 5.3 Evocations


You had 10 spell levels left.
You didn't know any spells.
Your spell library contained the following spells:

 Spells                   Type           Power      Damage    Failure   Level
 Kiss of Death            Conj/Necr      0%         2d5       89%         1
 Blink                    Tloc           0%         N/A       96%         2
 Ensorcelled Hibernation  Hex/Ice        0%         N/A       96%         2
 Lesser Beckoning         Tloc           0%         N/A       96%         2
 Momentum Strike          Conj/Tloc      0%         3d8       96%         2
 Passwall                 Tmut/Erth      0%         N/A       96%         2
 Poisonous Vapours        Pois/Air       0%         N/A       96%         2
 Wereblood                Tmut           0%         N/A       96%         2
 Confusing Touch          Hex            0%         N/A       99%         3
 Mephitic Cloud           Conj/Pois/Air  0%         N/A       99%         3
 Swiftness                Air            0%         N/A       99%         3
 Cause Fear               Hex            0%         N/A       100%        4
 Dispel Undead            Necr           0%         3d6       100%        4
 Passage of Golubria      Tloc           0%         N/A       100%        4
 Fireball                 Conj/Fire      0%         3d3       100%        5
 Freezing Cloud           Conj/Ice/Air   0%         6-21      100%        5
 Irradiate                Conj/Tmut      0%         3d11      100%        5
 Silence                  Hex/Air        0%         N/A       100%        5
 Lehudib's Crystal Spear  Conj/Erth      0%         10d2      100%        8
 Dragon's Call            Summ           0%         N/A       100%        9


Dungeon Overview and Level Annotations

Branches:
Dungeon (11/15)            Temple (1/1) D:4            Lair (0/5) D:8
    Orc: D:9-12

Altars:
Ashenzari
Cheibriados
Dithmenos
Elyvilon
Fedhas
Gozag
Hepliaklqana
Kikubaaqudgha
Makhleb
Nemelex Xobeh
Okawaru
Qazlal
Ru
Sif Muna
Trog
Uskayaw
Vehumet
Wu Jian
Xom
Yredelemnul
Zin
The Shining One

Shops:
D:4 (   D:5 =   D:8 *

Annotations:
D:6 1 runed translucent door


Innate Abilities, Weirdness & Mutations

You are immune to sickness and miasma.
Your stone body is resilient. (AC +8)
You are immune to poison.
You resist negative energy. (rN+)
You are resistant to electric shocks. (rElec)
You are resistant to unholy torment.
You are immune to petrification.


Message History

y - the +9 staff of Olgreb (weapon)
{rPois∞} You now have 710 gold pieces (gained 9).
Found 8 stones.
You open the door.
You see here 8 stones.
There is an open door here.
You open the door.
There is an open door here.
A smoke demon comes into view.
The smoke demon roars!
The smoke demon hits the demonic plant.
The demonic plant begins to die.
The smoke demon hits the demonic plant. x2
The smoke demon gestures at you. Something smites you!
An ice devil comes into view.
A nearby demonic plant withers and dies.
You block the ice devil's attack. The smoke demon closely misses you.
You block the smoke demon's attack. The smoke demon closely misses you.
A nearby demonic plant withers and dies.
You block the ice devil's attack. The smoke demon gestures at you.
You block the sticky flame.
The smell of chlorine vanishes.
Your +0 flail of holy wrath softly glows with a divine radiance!
b - a +0 flail of holy wrath (weapon)
The ice devil hits you but does no damage.
You hit the ice devil but do no damage. You block the ice devil's attack.
You hit the ice devil but do no damage. The ice devil hits you.
The ice devil freezes you!!
You hit the ice devil but do no damage. The ice devil hits you.
The ice devil freezes you! The smoke demon gestures at you.
Something smites you!
* * * LOW HITPOINT WARNING * * *
You barely miss the ice devil.
The ice devil hits you but does no damage.
You barely miss the ice devil. The ice devil hits you.
* * * LOW HITPOINT WARNING * * *
The ice devil freezes you!!
You die...

########.### ##.#
#(.# #####'###
#.###### #.....#.#
.......### #.###.#.#
# #...## #...#.#.# #.
#.#..####.#.#.#.# #..
#@##....'.#.#...#
#...#4#######.#.#####
#.P..3# #.#.....#
#..§§P# #.#####.#
##.§≈§# #.....#.#
...P..# #########
########


You could see an ice devil and a smoke demon.

Vanquished Creatures
  A two-headed ogre (D:7)
  Sonja (D:10)
  The ghost of Talonman3 the Grave Robber, a novice KoNe (D:5)
  The ghost of Heedrag the Geomancer, a novice GrEE of Vehumet (D:6)
  A smoke demon (D:11)
  A troll (D:10)
  A hornet (D:9)
  Grum (D:8)
  A wyvern (D:9)
  8 yaks
  2 steam dragons
  5 redbacks (D:6)
  3 vampire mosquitoes (D:9)
  An acid dragon (D:8)
  4 water moccasins
  An ice beast (D:5)
  A black bear (D:4)
  2 sky beasts (D:7)
  2 ogres (D:6)
  3 wolves (D:8)
  5 centaurs
  2 bullfrogs
  4 scorpions
  4 gnoll sergeants
  18 wights
  27 killer bees
  3 electric eels (D:6)
  3 howler monkeys
  5 hounds
  3 gnoll boudas
  3 orc priests
  2 iguanas (D:5)
  3 orc wizards
  16 adders
  23 gnolls
  4 ufetubi
  2 worms (D:2)
  2 dart slugs (D:1)
  11 orcs
  12 endoplasms
  4 giant cockroaches
  8 goblins
  4 hobgoblins
  11 kobolds
  4 quokkas
  2 ball pythons (D:3)
  8 bats
  3 frilled lizards (D:2)
  5 rats
242 creatures vanquished.

Vanquished Creatures (others)
  A kobold brigand (D:9)
  A gnoll (D:9)
  A butterfly (D:9)
3 creatures vanquished.

Grand Total: 245 creatures vanquished

Notes
Turn   | Place    | Note
-------+----------+-------------------------------------------
     0 | D:1      | Revguard the Gargoyle Fighter began the quest for the Orb.
     0 | D:1      | Reached XP level 1. HP: 14/14 MP: 1/1
   115 | D:1      | Reached XP level 2. HP: 11/19 MP: 2/2
   434 | D:1      | Reached XP level 3. HP: 23/23 MP: 3/3
   708 | D:2      | Identified the amulet "Ycibloag" {Acrobat +Blink Int+6
                  | Dex-3 SInv}
   998 | D:2      | You fall into a shaft and drop 1 floor!
  1086 | D:3      | Reached skill level 1 in Invocations
  1086 | D:3      | Reached XP level 4. HP: 29/29 MP: 4/4
  1836 | D:2      | Reached skill level 1 in Dodging
  1857 | D:2      | Reached XP level 5. HP: 33/33 MP: 4/6
  2110 | D:2      | Reached skill level 1 in Evocations
  2611 | D:4      | Found an ornate altar of the Wu Jian Council.
  2767 | D:4      | Noticed a black bear
  2777 | D:4      | Killed a black bear
  2778 | D:4      | Reached XP level 6. HP: 38/39 MP: 7/7
  2795 | D:4      | Found a staircase to the Ecumenical Temple.
  2801 | Temple   | Entered the Ecumenical Temple
  2876 | D:4      | Found Juirao's Antique Weapon Emporium.
  2915 | D:4      | Found an ancient bone altar of Kikubaaqudgha.
  3029 | D:5      | Entered Level 5 of the Dungeon
  3035 | D:5      | Noticed a yak
  3035 | D:5      | Noticed Talonman3's ghost (novice KoNe)
  3036 | D:5      | Found a runed translucent door.
  3097 | D:5      | Reached skill level 5 in Fighting
  3105 | D:5      | Reached XP level 7. HP: 44/44 MP: 8/8
  3406 | D:5      | Reached skill level 5 in Shields
  3630 | D:5      | Found Apsahuy's Jewellery Boutique.
  3752 | D:5      | Killed a yak
  3753 | D:5      | Reached XP level 8. HP: 51/51 MP: 10/10
  3803 | D:5      | Killed Talonman3's ghost
  3852 | D:6      | Found the +9 staff of Olgreb {rPois∞}
  3860 | D:6      | Found a runed translucent door.
  3891 | D:6      | Found a runed translucent gate.
  3891 | D:6      | Found a runed translucent gate.
  3904 | D:6      | Found a runed translucent gate.
  3913 | D:6      | Found a runed translucent door.
  4059 | D:6      | Noticed a yak
  4072 | D:6      | Killed a yak
  4073 | D:6      | Reached skill level 5 in Armour
  4095 | D:6      | Reached XP level 9. HP: 43/56 MP: 11/11
  4161 | D:6      | Found a transporter.
  4161 | D:6      | Found a transporter.
  4162 | D:6      | Noticed Heedrag's ghost (novice GrEE)
  4332 | D:6      | Found a hazy altar of Hepliaklqana.
  4455 | D:6      | Found a glowing golden altar of the Shining One.
  4461 | D:6      | Became a worshipper of the Shining One
  4939 | D:6      | Reached skill level 5 in Maces & Flails
  4965 | D:6      | Reached XP level 10. HP: 63/64 MP: 13/13
  5189 | D:6      | Killed Heedrag's ghost
  5190 | D:6      | Reached skill level 5 in Invocations
  5390 | D:7      | Found a sparkling altar of Nemelex Xobeh.
  5542 | D:7      | Found a basalt altar of Yredelemnul.
  5604 | D:7      | Noticed a two-headed ogre
  5611 | D:7      | Killed a two-headed ogre
  5752 | D:7      | Found an iron altar of Okawaru.
  5819 | D:7      | Found a stormy altar of Qazlal.
  6165 | D:8      | Reached * piety under the Shining One
  6222 | D:8      | Identified the +2 ring mail of Panentheism {-Cast Harm rN++
                  | Stlth+}
  6348 | D:8      | Reached ** piety under the Shining One
  6409 | D:8      | Found a blossoming altar of Fedhas.
  6474 | D:8      | Reached XP level 11. HP: 68/71 MP: 10/15
  6480 | D:8      | Noticed Grum
  6488 | D:8      | Killed Grum
  6542 | D:8      | Found a staircase to the Lair.
  6620 | D:8      | Found Diysm's General Store.
  6869 | D:9      | Found a shimmering altar of Xom.
  6926 | D:9      | Found a radiant altar of Vehumet.
  7353 | D:9      | Noticed a +0 dagger
  7353 | D:9      | Noticed a +0 spear
  7354 | D:9      | Noticed a +0 falchion
  7354 | D:9      | Noticed a +0 spear
  7354 | D:9      | Noticed a +0 short sword
  7355 | D:9      | Noticed a +0 dagger
  7355 | D:9      | Reached *** piety under the Shining One
  7355 | D:9      | Noticed a +0 short sword
  7355 | D:9      | Noticed a +0 falchion
  7401 | D:9      | Found a glowing silver altar of Zin.
  7421 | D:9      | Found a broken altar of Ashenzari.
  7443 | D:9      | Found a white marble altar of Elyvilon.
  7456 | D:9      | Reached skill level 5 in Evocations
  7667 | D:9      | Found a hide-covered altar of Uskayaw.
  7731 | D:10     | Entered Level 10 of the Dungeon
  7817 | D:10     | Found a shadowy altar of Dithmenos.
  8008 | D:10     | Noticed Sonja
  8015 | D:10     | Killed Sonja
  8226 | D:10     | Reached skill level 10 in Fighting
  8480 | D:11     | Reached skill level 10 in Shields
  8558 | D:11     | Slain by an ice devil

Illustrated notes

Levels and vault maps discovered:
D:1:      dpeg_arrival_erosion, layout_rooms
D:2:      layout_basic
D:3:      layout_loops_ring, st_stairs_7, minmay_misc_feat_five, minmay_between
D:4:      layout_basic, mainiacjoe_overflow_small_starburst,
          mainiacjoe_overflow_concentric_impassable, minmay_temple_entry_wispy,
          serial_shops, nicolae_diamond_shop
D:5:      layout_gridville, ebering_ghost_inner_flame, serial_shops,
          nicolae_shop_just_a_little_nook
D:6:      kennysheep_big_flooded_room, layout_loops_cross, lemuel_crystal_altar,
          mainiacjoe_overflow_alcove_1, gammafunk_ghost_gnarly_gnolls,
          minmay_guarded_unrand_staff_of_olgreb
D:7:      layout_gridville, lemuel_round_altar,
          mainiacjoe_overflow_surrounded_room, lemuel_crystal_altar,
          nicolae_qazlal_beasts_of_the_sky, reono_crystal_passage,
          nicolae_figureground_sparkle
D:8:      layout_rooms, mainiacjoe_overflow_brackets, lair_entry_dummy,
          serial_shops, shop, uniq_grum
D:9:      nicolae_cairo_tiling_large_dashed, layout_basic,
          nicolae_uskayaw_en_pointe, kennysheep_little_box, xom_teletrap_fun,
          lemuel_tele_altar, overflow_temple_1_default,
          nicolae_elyvilon_peaceful_grove, enter_bailey_5
D:10:     layout_basic, mainiacjoe_overflow_chevrons, uniq_sonja
D:11:     layout_roguey, enter_trove_1, serial_demonic, serial_demonic_c,
          serial_demonic_g, serial_demonic_d, serial_demonic_c,
          serial_demonic_c, serial_demonic_g
Temple:   hellmonk_temple_flake

Skill      XL: |  1  2  3  4  5  6  7  8  9 10 11 |
---------------+----------------------------------+-----
Invocations    | 1 2 3 4 5 6 |  6.4
Fighting       | 4 5 6 7 9 10 | 10.1
Dodging        | 1 2 3 4 |  4.9
Shields        | 4 5 6 7 9 10 | 10.0
Evocations     | 1 2 3 4 5 |  5.3
Maces & Flails | 3 4 5 6 |  6.5
Armour         | 4 5 6 7 |  7.3

Action                     |  1- 3 |  4- 6 |  7- 9 | 10-12 || total
---------------------------+-------+-------+-------+-------++-------
  Melee: Flail             |    95 |   195 |    41 |     9 ||   340
         Whip              |       |       |   291 |       ||   291
         Staff             |       |       |       |   261 ||   261
         Hand axe          |       |       |       |    48 ||    48
Ability: Evoke the Staff o |       |       |       |    25 ||    25
  Evoke: Wand              |       |       |       |     1 ||     1
    Use: Scroll            |     2 |     4 |     4 |     5 ||    15
         Potion            |       |     1 |     2 |     3 ||     6
 Armour: Scale mail        |    86 |   175 |   246 |   247 ||   754
  Dodge: Dodged            |    57 |    97 |   129 |   117 ||   400
  Block: Buckler           |    11 |       |       |       ||    11
         Kite shield       |    20 |   101 |   205 |   221 ||   547

Table legend: (Time is in decaauts)
 A = Elapsed time spent in this place.
 B = Non-inter-level travel time spent in this place.
 C = Inter-level travel time spent in this place.
 D = Time resting spent in this place.
 E = Time spent auto-exploring this place.
 F = Levels seen in this place.
 G = Mean time per level.
                   A        B        C        D        E       F      G
               +--------+--------+--------+--------+--------+-----+--------+
         Total |   8750 |   8255 |    495 |    103 |   5701 |  12 |  729.2 |
       Dungeon |   8735 |   8240 |    495 |    103 |   5701 |  11 |  794.1 |
        Temple |     15 |     15 |      0 |      0 |      0 |   1 |   15.0 |
               +--------+--------+--------+--------+--------+-----+--------+

Top non-repeatable levels by time:
     D:6: 1464 daAuts
     D:2: 1059 daAuts
     D:9: 901 daAuts
     D:3: 885 daAuts
     D:5: 841 daAuts
     D:8: 793 daAuts
     D:7: 780 daAuts
    D:10: 741 daAuts
     D:1: 675 daAuts
     D:4: 503 daAuts
    D:11: 87 daAuts
  Temple: 15 daAuts
